AoeStats
← OmarGutieG

Arabia

509151987Analyzed
2v2 RM · 5d ago on Sep 25, 2026· 33m 42s· 4 players
Game mode
Random Map
Map size
Medium (4 player)
Population
200
Speed
Normal
Resources
Standard
Victory
Conquest
Starting age
Dark Age
Ending age
Imperial Age
RankedLock teamsTeams togetherTeam positionsShared explorationLock speedFull tech treeHidden civsTurbo modeCheats
Victory
Defeat
🇲🇽 Magyars · Mexico
1343
+14
🇲🇽 Maya · Mexico
1331
+14
🇩🇰 Danes · Denmark
1332
-15
🇹🇷 Poles · Türkiye
1258
-13
armigame1
6:37 Loom
9:18 Feudal Age
20:16 Castle Age
18:38 Bloodlines
19:03 Scale Barding Armor
19:06 Double-Bit Axe
19:27 Gold Mining
21:44 Husbandry
25:48 Horse Collar
28:06 Chain Barding Armor
34:37 Wheelbarrow
OmarGutieG
0:29 Loom
9:08 Feudal Age
15:00 Fletching
23:42 Castle Age
23:31 Padded Archer Armor
23:56 Crossbowman
24:44 Thumb Ring
26:23 Wheelbarrow
25:49 Gold Mining
26:23 Double-Bit Axe
29:02 Stone Mining
30:41 Ballistics
31:28 Wheelbarrow
31:54 Town Watch
33:35 Hand Cart
ClickBait
8:07 Loom
10:31 Feudal Age
11:02 Double-Bit Axe
15:20 Horse Collar
20:01 Castle Age
20:13 Stone Mining
20:13 Gold Mining
21:51 Bow Saw
26:47 Heavy Plow
27:46 Town Watch
30:05 Pikeman
31:25 Squires
33:23 Fletching
34:00 Scale Mail Armor
Selat09
6:59 Loom
9:21 Feudal Age
10:05 Double-Bit Axe
14:28 Horse Collar
21:46 Castle Age
21:41 Scale Barding Armor
21:48 Bloodlines
23:26 Chain Barding Armor
23:16 Gold Mining
26:37 Forging
27:10 Pikeman
31:06 Iron Casting
Connection lost

Rejoining the realm…

Still unreachable

The connection could not be restored.

Session expired

The server has moved on; the page needs a fresh start.